Map: King Sejong Station LE

Players

Neeb - Winner!

  • Race: Protoss Protoss
  • League: Diamond

ShoWTimE

  • Race: Protoss Protoss

Event: IEM Season 11 - Shanghai

VOD

Have the link to the VOD?

Description

Time

  • Played on: July 29, 2016, 9:20 a.m.
  • Length: 8:15

All games in this series

Show
View Real Time Build Order
Export as new Build Order

Neeb Protoss - Winner!

Build Orders:  

Get SALT Encoding   

  12  0:00  Probe (Chrono Boost)  
  13  0:11  Probe (Chrono Boost)  
  14  0:17  Pylon  
  14  0:22  Probe (Chrono Boost)  
  15  0:35  Gateway  
  15  0:36  Probe (Chrono Boost)  
  16  0:46  Probe (Chrono Boost)  
  16  0:47  Assimilator  
  17  0:51  Assimilator  
  18  0:57  Probe (Chrono Boost)  
  18  1:07  Probe (Chrono Boost)  
  18  1:08  Gateway  
  19  1:18  Probe (Chrono Boost)  
  20  1:23  Cybernetics Core  
  20  1:28  Probe (Chrono Boost)  
  21  1:34  Pylon  
  21  1:39  Probe (Chrono Boost)  
  22  1:47  Warp Gate  
  22  1:49  Probe (Chrono Boost)  
  23  2:00  Probe (Chrono Boost)  
  23  2:01  Stalker  
  26  2:05  Stalker  
  28  2:15  Mothership Core (Chrono Boost)  
  30  2:19  Pylon  
  30  2:37  Stalker x2  
  34  3:00  Nexus  
  34  3:07  Sentry  
  34  3:08  Probe (Chrono Boost)  
  38  3:20  Probe (Chrono Boost)  
  38  3:22  Robotics Facility  
  38  3:32  Pylon  
  38  3:33  Probe (Chrono Boost)  
  39  3:50  Probe (Chrono Boost)  
  40  3:57  Adept x2  
  40  4:01  Probe (Chrono Boost)  
  45  4:04  Warp Prism  
  47  4:13  Probe (Chrono Boost)  
  47  4:14  Probe (Chrono Boost)  
  49  4:20  Adept  
  49  4:21  Adept  
  54  4:25  Probe (Chrono Boost)  
  54  4:27  Probe (Chrono Boost)  
  55  4:37  Probe x2 (Chrono Boost)  
  56  4:40  Observer  
  57  4:48  Probe (Chrono Boost)  
  57  4:50  Probe (Chrono Boost)  
  59  4:56  Twilight Council  
  59  4:58  Probe (Chrono Boost)  
  58  5:00  Stalker, Pylon  
  58  5:02  Probe (Chrono Boost)  
  61  5:07  Pylon  
  61  5:09  Probe (Chrono Boost)  
  61  5:14  Probe (Chrono Boost)  
  62  5:19  Probe (Chrono Boost)  
  63  5:22  Resonating Glaives  
  63  5:24  Nexus  
  63  5:26  Probe (Chrono Boost)  
  64  5:29  Pylon  
  64  5:33  Immortal  
  68  5:45  Adept, Sentry  
  68  5:47  Assimilator  
  72  6:01  Gateway  
  72  6:02  Gateway  
  72  6:03  Gateway  
  72  6:07  Immortal  
  72  6:17  Gateway  
  76  6:18  Gateway  
  76  6:20  Sentry  
  76  6:22  Sentry  
  80  6:25  Pylon  
  80  6:28  Probe (Chrono Boost)  
  80  6:30  Probe (Chrono Boost)  
  82  6:38  Probe (Chrono Boost)  
  83  6:45  Stalker  
  83  6:46  Observer, Stalker  
  86  7:06  Probe x2 (Chrono Boost)  
  86  7:07  Probe (Chrono Boost)  
  89  7:09  Adept x2  
  89  7:11  Adept x3  
  89  7:12  Adept  
  89  7:15  Pylon  
  101  7:16  Pylon  
  101  7:17  Probe (Chrono Boost)  
  102  7:34  Adept x6  
  102  7:36  Adept  
  115  7:40  Probe (Chrono Boost)  
  115  7:42  Probe x2 (Chrono Boost)  
  104  7:57  Adept x3  
  104  7:58  Adept x2  
  106  8:01  Probe (Chrono Boost)  
  106  8:04  Probe (Chrono Boost)  
Show
View Real Time Build Order
Export as new Build Order

ShoWTimE Protoss 

Build Orders: Oracle Opening 

Get SALT Encoding   

  12  0:00  Probe (Chrono Boost)  
  13  0:11  Probe (Chrono Boost)  
  14  0:17  Pylon  
  14  0:22  Probe (Chrono Boost)  
  16  0:35  Probe (Chrono Boost)  
  16  0:36  Gateway  
  16  0:42  Assimilator  
  16  0:46  Probe (Chrono Boost)  
  17  0:53  Assimilator  
  17  0:56  Probe (Chrono Boost)  
  18  1:03  Gateway  
  18  1:07  Probe (Chrono Boost)  
  19  1:17  Probe (Chrono Boost)  
  20  1:22  Cybernetics Core  
  20  1:28  Probe (Chrono Boost)  
  21  1:32  Pylon  
  21  1:39  Probe (Chrono Boost)  
  22  1:49  Probe (Chrono Boost)  
  23  1:59  Adept  
  23  2:00  Adept  
  27  2:02  Warp Gate, Mothership Core (Chrono Boost)  
  29  2:14  Pylon  
  29  2:26  Adept  
  29  2:28  Adept  
  33  2:37  Stargate  
  33  2:55  Pylon  
  33  2:58  Stalker x2  
  37  3:16  Oracle  
  40  3:39  Nexus  
  41  3:42  Probe (Chrono Boost)  
  41  3:47  Oracle  
  41  3:54  Probe (Chrono Boost)  
  45  4:09  Probe (Chrono Boost), Pylon  
  46  4:19  Robotics Facility  
  46  4:21  Probe (Chrono Boost)  
  47  4:33  Probe (Chrono Boost)  
  45  4:41  Adept x2  
  50  4:45  Probe (Chrono Boost)  
  48  4:56  Probe (Chrono Boost)  
  48  4:57  Probe (Chrono Boost)  
  50  5:06  Probe (Chrono Boost), Gateway  
  51  5:10  Probe (Chrono Boost)  
  49  5:17  Probe (Chrono Boost)  
  49  5:18  Adept x2  
  52  5:22  Probe (Chrono Boost)  
  52  5:27  Probe (Chrono Boost)  
  52  5:34  Probe (Chrono Boost), Phoenix  
  55  5:36  Observer  
  55  5:38  Probe (Chrono Boost)  
  57  5:46  Probe (Chrono Boost)  
  57  5:49  Probe (Chrono Boost)  
  59  5:51  Twilight Council  
  60  5:58  Probe (Chrono Boost)  
  60  5:59  Probe (Chrono Boost)  
  60  6:02  Pylon  
  61  6:05  Warp Prism  
  61  6:10  Probe x2 (Chrono Boost)  
  65  6:12  Sentry  
  65  6:13  Sentry  
  65  6:15  Resonating Glaives  
  69  6:21  Probe (Chrono Boost)  
  69  6:22  Probe (Chrono Boost)  
  69  6:23  Pylon  
  71  6:34  Gateway  
  71  6:36  Gateway  
  71  6:43  Gateway  
  71  6:45  Immortal  
  75  7:01  Adept  
  75  7:02  Adept x2  
  75  7:07  Pylon  
  75  7:08  Assimilator  
  81  7:10  Gateway  
  81  7:19  Pylon  
  81  7:23  Adept  
  81  7:24  Adept  
  85  7:30  Pylon  
  85  7:36  Probe x2 (Chrono Boost)  
  85  7:44  Adept x2  
  85  7:45  Adept x2  
  85  7:48  Adept  
  85  7:49  Adept  
  71  7:58  Adept  
  71  7:59  Adept  
  59  8:06  Adept x4  
  59  8:11  Adept  

Tags
 
Add a new tag
Caveats
  • Supply blocks, unpowered buildings, or Contaminate may cause inaccurate times.
  • Supply counts are checked every 10 seconds.